 Dungeon Crawl Stone Soup version 0.27.1-1-g398f81649c (webtiles) character file.

Game seed: 1003233540749756180

1174 AZSletch the Changer (level 8, -14/66 HPs)
             Began as a Grey Draconian Transmuter on Sept 13, 2021.
             Was a Follower of Uskayaw.
             Killed from afar by a gargoyle (24 damage)
             ... with a stone arrow
             ... on level 7 of the Dungeon on Sept 14, 2021.
             The game lasted 00:30:48 (7140 turns).

AZSletch the Changer (Grey Draconian Transmuter)    Turns: 7140, Time: 00:30:49

Health: -14/66     AC: 11    Str: 14    XL:     8   Next: 18%
Magic:  14/14      EV: 13    Int: 14    God:    Uskayaw [*.....]
Gold:   269        SH:  0    Dex: 12    Spells: 7/15 levels left

rFire    . . .     SeeInvis .     - Unarmed
rCold    . . .     Faith    .   (no shield)
rNeg     . . .     Spirit   .   (armour unavailable)
rPois    .         Reflect  .   (helmet currently unavailable)
rElec    .         Harm     .   (no cloak)
rCorr    .         Rampage  .   (no gloves)
Will     .....                  (boots currently unavailable)
Stlth    +.........             (no amulet)
HPRegen  0.21/turn              (no ring)
MPRegen  0.14/turn              (no ring)

@: appendages (expiring), wereblooded (expiring)
A: horns 2, talons 2, AC +11, amphibious, unfitting armour, cold-blooded
a: End Transformation, Renounce Religion, Stomp


You were on level 7 of the Dungeon.
You worshipped Uskayaw.
Uskayaw was noncommittal.
You had temporarily grown beastly horns and talons.
You visited 2 branches of the dungeon, and saw 8 of its levels.

You collected 269 gold pieces.

Inventory:

Hand Weapons
 p - a +2 falchion of pain
Missiles
 a - 2 curare-tipped darts
 f - 7 atropa-tipped darts
 g - 131 stones
 m - 3 boomerangs (quivered)
Jewellery
 t - a +6 ring of strength
Wands
 r - a wand of flame (20)
Scrolls
 b - a scroll of magic mapping {unknown}
 c - a scroll of immolation {unknown}
 d - a scroll of amnesia {unknown}
 e - 3 scrolls of identify {unknown}
 h - 2 scrolls of fear {unknown}
 i - 3 scrolls of enchant weapon {unknown}
 j - 4 scrolls of teleportation {unknown}
 l - a scroll of blinking {unknown}
 s - a scroll of noise {unknown}
Potions
 o - a potion of berserk rage {unknown}
 q - a potion of cancellation {unknown}
 u - a potion of mutation {unknown}


   Skills:
 - Level 4.2 Fighting
 - Level 1.4 Throwing
 + Level 4.1 Dodging
 - Level 4.0 Unarmed Combat
 + Level 4.3 Spellcasting
 + Level 2.7 Hexes
 + Level 4.5 Transmutations
 + Level 1.7 Ice Magic


You had 7 spell levels left.
You knew the following spells:

 Your Spells              Type           Power      Damage    Failure   Level
a - Beastly Appendage     Tmut           30%        N/A       3%          1
b - Wereblood             Tmut           15%        N/A       4%          2
c - Tukima's Dance        Hex            10%        N/A       19%         3
d - Ensorcelled Hibernat  Hex/Ice        18%        N/A       11%         2

Your spell library contained the following spells:

 Spells                   Type           Power      Damage    Failure   Level
 Corona                   Hex            11%        N/A       6%          1
 Passwall                 Tmut/Erth      7%         N/A       11%         2
 Sandblast                Erth           6%         2d5       19%         1
 Spider Form              Tmut/Pois      4%         N/A       22%         3
 Ice Form                 Ice/Tmut       11%        N/A       45%         4
 Lee's Rapid Deconstruct  Erth           1%         3d5*      99%         5
 Shadow Creatures         Summ           N/A        N/A       100%        6


Dungeon Overview and Level Annotations

Branches:
Dungeon (7/15)             Temple (1/1) D:4

Altars:
Ashenzari
Cheibriados
Dithmenos
Elyvilon
Fedhas
Makhleb
Nemelex Xobeh
Okawaru
Ru
Trog
Uskayaw
Vehumet
Wu Jian
Xom
Yredelemnul
Zin
The Shining One

Shops:
D:2 *   D:4 [

Annotations:
D:3 exclusion: downstairs
D:4 2 transporters, martbhell's ghost, amateur OpTm
D:6 exclusion: door
D:7 1 transporter, exclusion: hornet, Tropan82's ghost, novice GrMo


Innate Abilities, Weirdness & Mutations

You have temporarily grown beastly horns and talons.
Your dull iron-grey scales are very hard. (AC +11)
You are amphibious.
You cannot fit into any form of body armour.
You are cold-blooded and may be slowed by cold attacks.


Message History

The gargoyle hurls a stone arrow at you.
The stone arrow hits you!
* * * LOW HITPOINT WARNING * * *
It was a potion of ambrosia.
You are confused.
You feel invigorated.
The gargoyle hits you with a +0 morningstar!
* * * LOW HITPOINT WARNING * * *
You can no longer pass through a line of other dancers.
It was a potion of curing.
You feel better.
You feel less invigorated. The gargoyle closely misses you.
You hit the gargoyle but do no damage. You claw the gargoyle.
You headbutt the gargoyle, but do no damage.
You tail-slap the gargoyle, but do no damage.
The gargoyle is heavily damaged.
The gargoyle hits you with a +0 morningstar!
* * * LOW HITPOINT WARNING * * *
You hit the gargoyle but do no damage.
The gargoyle is heavily damaged.
You barely miss the gargoyle.
You claw the gargoyle, but do no damage.
Your punch misses the gargoyle.
The gargoyle is heavily damaged.
Your primal bloodlust is almost over.
The gargoyle barely misses you.
You hit the gargoyle but do no damage.
You tail-slap the gargoyle, but do no damage.
The gargoyle is heavily damaged.
The gargoyle barely misses you.
You hit the gargoyle but do no damage.
You claw the gargoyle, but do no damage.
Your headbutt misses the gargoyle.
The gargoyle is heavily damaged.
The gargoyle hurls a stone arrow at you.
The stone arrow misses you.
You hit the gargoyle but do no damage.
The gargoyle is heavily damaged.
The gargoyle hurls a stone arrow at you.
The stone arrow hits you!!
You die...

#### #.#.#..#
!###...#####..#..#
............#.#..#
##.........##.#..#
...........##.#..#
######..<..##.#..#
....W#...........#
....z#.....##.##.#
###.5#.....##@# .#
#8#.W#.....##9# .#
.....#.....##.# .#
.)..Z#©..####.# .#
...$.#...# #.# .#
#8#..#.#.# #.# .#
###..#.#.# #.#
..!..#.... ...
.....#? .##


You could see a gargoyle.

Vanquished Creatures
  An ice beast (D:5)
  2 black bears (D:5)
  A necrophage (D:5)
  2 ogres
  A water moccasin zombie (D:5)
  3 scorpions
  A water moccasin skeleton (D:6)
  A bullfrog zombie (D:5)
  A jelly (D:5)
  An orc priest (D:4)
  2 hounds (D:4)
  A bullfrog skeleton (D:6)
  A centaur skeleton (D:7)
  An orc wizard (D:5)
  3 adders
  A howler monkey skeleton (D:4)
  An ufetubus (D:5)
  A worm (D:2)
  2 dart slugs
  16 orcs
  7 endoplasms
  2 giant cockroaches
  7 goblins
  8 hobgoblins
  6 jackals
  2 quokkas (D:3)
  3 ball pythons
  2 frilled lizards
  6 kobolds
  5 rats
91 creatures vanquished.

Vanquished Creatures (collateral kills)
  An orc (D:6)
1 creature vanquished.

Vanquished Creatures (others)
  2 dancing weapons (D:6)
2 creatures vanquished.

Grand Total: 94 creatures vanquished

Notes
Turn   | Place    | Note
-------+----------+-------------------------------------------
     0 | D:1      | AZSletch the Draconian Transmuter began the quest for the
                  | Orb.
     0 | D:1      | Reached XP level 1. HP: 16/16 MP: 3/3
   351 | D:1      | Found a faded altar of an unknown god.
   387 | D:1      | Reached XP level 2. HP: 22/23 MP: 3/5
   390 | D:1      | Learned a level 2 spell: Wereblood
  1165 | D:2      | Found Ponishru's Assorted Antiques.
  1935 | D:3      | Reached XP level 3. HP: 29/29 MP: 2/6
  2512 | D:3      | Found a sparkling altar of Nemelex Xobeh.
  3078 | D:2      | Reached XP level 4. HP: 36/37 MP: 5/7
  3345 | D:4      | Noticed a scorpion
  3406 | D:4      | Found Pufasi's Armour Boutique.
  3413 | D:4      | Noticed martbhell's ghost (amateur OpTm)
  4119 | D:4      | Found a transporter.
  4395 | D:4      | Found a transporter.
  4456 | D:4      | Noticed an ogre
  4467 | D:4      | Killed an ogre
  4468 | D:4      | Reached skill level 1 in Throwing
  4468 | D:4      | Reached XP level 5. HP: 45/45 MP: 4/9
  4709 | D:4      | Reached XP level 6. HP: 27/52 MP: 8/10
  4843 | D:4      | Found a staircase to the Ecumenical Temple.
  4861 | Temple   | Entered the Ecumenical Temple
  4936 | Temple   | Became a worshipper of Uskayaw the Reveller
  4958 | D:4      | Reached * piety under Uskayaw
  4963 | D:4      | Reached ** piety under Uskayaw
  5293 | D:5      | Entered Level 5 of the Dungeon
  5478 | D:5      | Reached skill level 1 in Hexes
  5478 | D:5      | Your scales start taking on a dull iron-grey colour.
  5478 | D:5      | Reached XP level 7. HP: 59/59 MP: 7/12
  5481 | D:5      | Reached *** piety under Uskayaw
  5828 | D:5      | Learned a level 3 spell: Tukima's Dance
  6055 | D:5      | Found an ornate altar of the Wu Jian Council.
  6088 | D:5      | Found a glowing golden altar of the Shining One.
  6115 | D:5      | Learned a level 2 spell: Ensorcelled Hibernation
  6297 | D:5      | Reached skill level 1 in Ice Magic
  6539 | D:6      | Found a radiant altar of Vehumet.
  6562 | D:6      | Reached XP level 8. HP: 51/66 MP: 8/14
  6650 | D:6      | Noticed a manticore
  6725 | D:7      | Noticed Tropan82's ghost (novice GrMo)
  6725 | D:7      | Found a transporter.
  7057 | D:7      | Noticed a hornet
  7113 | D:7      | Noticed a gargoyle
  7140 | D:7      | Killed from afar by a gargoyle

Illustrated notes

Levels and vault maps discovered:
D:1:      zelgadis_glass_arrival_small, layout_loops_ring,
          shapermc_ecumenical_altar_mp_ritualfount, st_stairs_1
D:2:      layout_basic, serial_shops, shop
D:3:      layout_basic, nemelex_spade_bored_becter, hex_tiny
D:4:      layout_loops_ring, minmay_temple_entry_mini_moons,
          gammafunk_ghost_arena, serial_shops, nicolae_inconvenience_store
D:5:      layout_gridville, mainiacjoe_overflow_surrounded_room,
          lemuel_doored_altar
D:6:      minmay_clustersquares, layout_basic,
          nicolae_gozag_cash_rules_everything_around_me, vehumet_altar_wand_db,
          serial_shops, shop
D:7:      layout_loops_ring, gammafunk_ghost_mausoleum
Temple:   cyrus_circular_temple

Skill      XL: |  1  2  3  4  5  6  7 |
---------------+----------------------+-----
Dodging        | 2 3 4 |  4.1
Fighting       | 2 3 4 |  4.2
Throwing       | 1 |  1.4
Spellcasting   | 3 4 |  4.3
Transmutations | 3 4 |  4.5
Unarmed Combat | 4 |  4.0
Hexes          | 1 2 |  2.7
Ice Magic      | 1 |  1.7

Action                   |  1- 3 |  4- 6 |  7- 9 || total
-------------------------+-------+-------+-------++-------
Melee: Unarmed           |    99 |    74 |   108 ||   281
       Kick              |    21 |    21 |    44 ||    86
       Headbutt          |    11 |    10 |    15 ||    36
       Tailslap          |     9 |     8 |    20 ||    37
       Punch             |       |       |     2 ||     2
Throw: Stone             |     8 |       |     5 ||    13
       Boomerang         |    16 |    30 |    18 ||    64
       Dart              |       |       |     1 ||     1
 Cast: Beastly Appendage |    26 |    13 |    13 ||    52
       Wereblood         |     5 |     8 |    11 ||    24
       Tukima's Dance    |       |       |     7 ||     7
       Ensorcelled Hiber |       |       |     1 ||     1
Invok: Stomp             |       |       |     5 ||     5
  Use: Potion            |       |       |     2 ||     2
 Stab: Sleeping          |     1 |       |       ||     1
       Paralysed         |       |       |     3 ||     3
Armor: Skin              |    13 |    18 |    66 ||    97
Dodge: Dodged            |    54 |    49 |    77 ||   180
